 Dungeon Crawl Stone Soup version 0.27-a0-684-g359e429f13 (webtiles) character file.

Game seed: 9521725639651951546

40 Froggeryz the Ducker (level 3, -2/39 HPs)
             Began as an Ogre Wanderer on Mar 20, 2021.
             Slain by a worker ant (5 damage)
             ... on level 2 of the Dungeon.
             The game lasted 00:01:49 (1273 turns).

Froggeryz the Ducker (Ogre Wanderer)                Turns: 1273, Time: 00:01:50

Health: -2/39      AC:  4    Str: 16    XL:     3   Next: 50%
Magic:  3/3        EV: 11    Int: 12    God:
Gold:   38         SH:  0    Dex: 16    Spells: 2/2 levels left

rFire    . . .     SeeInvis .   c - +0 hand axe
rCold    . . .     Faith    .   (no shield)
rNeg     . . .     Spirit   .   e - +0 robe
rPois    .         Reflect  .   (helmet restricted)
rElec    .         Harm     .   p - +0 cloak
rCorr    .         Rampage  .   (gloves unavailable)
Will     .....                  (boots unavailable)
Stlth    ++........             (no amulet)
HPRegen  0.13/turn              l - +6 ring of dexterity
MPRegen  0.08/turn              (no ring)

@: lethally poisoned (-2 -> -16), about to teleport
A: large, unfitting armour, tough skin 1
a: no special abilities


You were on level 2 of the Dungeon.
You visited 1 branch of the dungeon, and saw 2 of its levels.

You collected 38 gold pieces.

Inventory:

Hand Weapons
 a - a +2 shortbow
 c - a +0 hand axe (weapon)
 g - a +0 club
Missiles
 b - 26 arrows
Armour
 e - a +0 robe (worn)
 p - a +0 cloak (worn)
Jewellery
 l - a +6 ring of dexterity (right hand)
Scrolls
 f - a scroll of enchant armour {unknown}
 h - a scroll of enchant weapon {unknown}
 i - a scroll of vulnerability {unknown}
 j - a scroll of blinking {unknown}
 o - a scroll of amnesia {unknown}
Potions
 k - a potion of mutation {unknown}
 m - 2 potions of attraction {unknown}
 n - 2 potions of cancellation {unknown}


   Skills:
 + Level 3.7 Fighting
 * Level 2.1 Maces & Flails
 - Level 1.0 Bows
 - Level 1.0 Throwing
 - Level 4.5 Dodging
 - Level 1.0 Stealth


You had 2 spell levels left.
You didn't know any spells.
Your spell library was empty.

Dungeon Overview and Level Annotations

Branches:
Dungeon (2/15)

Altars:


Innate Abilities, Weirdness & Mutations

You are too large for most types of armour.
You have tough skin. (AC +1)


Message History

No target in view!
You feel sick.
You see here an adder corpse.
You feel sick.
You feel sick.
Found a stone staircase leading up.
You feel sick.
Found a scroll labelled FOSCHO CEIJO.
A worker ant comes into view.
You feel sick.
You see here a +0 leather armour.
The worker ant barely misses you.
There is a stone staircase leading up here.
You hit the worker ant but do no damage.
You feel sick. The worker ant barely misses you.
You hit the worker ant but do no damage.
The worker ant bites you!
* * * LOW HITPOINT WARNING * * *
The worker ant bites you.
* * * LOW HITPOINT WARNING * * *
You are lethally poisoned!
The worker ant poisons you!
You feel better. The worker ant bites you.
* * * LOW HITPOINT WARNING * * *
You are poisoned.
The worker ant poisons you!
You hit the worker ant but do no damage.
* * * LOW HITPOINT WARNING * * *
You feel sick. The worker ant bites you.
* * * LOW HITPOINT WARNING * * *
You are more poisoned.
The worker ant poisons you!
Unknown command.
As you read the scroll labelled FOSCHO CEIJO, it crumbles to dust.
You feel strangely unstable.
It was a scroll of teleportation.
* * * LOW HITPOINT WARNING * * *
You feel sick. The worker ant closely misses you.
* * * LOW HITPOINT WARNING * * *
You feel sick. The worker ant bites you.
You die...

#.# #.# ##.## # ######...###..#
..............# ##
######†..###.## .. #..........#
######. ##########.##...#####
....... .....?.B@...#...###
.....#.#######........#...#
.......†........##..#...#.#
........######..##..##.##.##
........######..##..##.#>..######
..#.............#.#......#.......
#...#............###...#...#####.
##.##.#..####...#.#.#####.## #.
#.#..####...##.# #.#


You could see a worker ant.

Vanquished Creatures
  An adder (D:2)
  2 dart slugs
  A leopard gecko (D:1)
  5 bats
  A giant cockroach (D:1)
  8 jackals
  A quokka (D:1)
  A ball python (D:1)
  3 frilled lizards
  2 kobolds (D:1)
25 creatures vanquished.

Notes
Turn   | Place    | Note
-------+----------+-------------------------------------------
     0 | D:1      | Froggeryz the Ogre Wanderer began the quest for the Orb.
     0 | D:1      | Froggeryz set off with the following items: a +2 shortbow,
                  | 28 arrows, a +0 hand axe, a potion of curing, a +0 robe
     0 | D:1      | Reached XP level 1. HP: 22/22 MP: 1/1
   294 | D:1      | Reached skill level 1 in Maces & Flails
   294 | D:1      | Reached XP level 2. HP: 31/31 MP: 2/2
  1117 | D:2      | Reached XP level 3. HP: 33/37 MP: 3/3
  1273 | D:2      | Slain by a worker ant

Illustrated notes

Levels and vault maps discovered:
D:1:      nicolae_arrival_washed_ashore, layout_loops_ring, chequers_big_river,
          wander_ebering_terrifying_dragon_lair
D:2:      layout_loops_ring

Skill      XL: |  1  2  3 |
---------------+----------+-----
Fighting       | 3 |  3.7
Maces & Flails | 1 2 |  2.1
Bows           | |  1.0
Throwing       | |  1.0
Dodging        | |  4.5
Stealth        | |  1.0

Action                   || total
-------------------------++-------
Melee: Hand axe          ||    52
 Fire: Shortbow          ||    17
  Use: Scroll            ||     1
       Potion            ||     1
 Stab: Sleeping          ||     2
Armor: Robe              ||    25
Dodge: Dodged            ||    40

Table legend: (Time is in decaauts)
 A = Elapsed time spent in this place.
 B = Non-inter-level travel time spent in this place.
 C = Inter-level travel time spent in this place.
 D = Time resting spent in this place.
 E = Time spent auto-exploring this place.
 F = Levels seen in this place.
 G = Mean time per level.
                   A        B        C        D        E       F      G
               +--------+--------+--------+--------+--------+-----+--------+
         Total |   1299 |   1204 |     95 |      0 |   1017 |   2 |  649.5 |
       Dungeon |   1299 |   1204 |     95 |      0 |   1017 |   2 |  649.5 |
               +--------+--------+--------+--------+--------+-----+--------+

Top non-repeatable levels by time:
     D:1: 1125 daAuts
     D:2: 174 daAuts
